 Dungeon Crawl Stone Soup version 0.30-a0-802-gb92711bcdf (webtiles) character file.

Game seed: 6109719294089170921

44 Mickster the Covered (level 3, -4/31 HPs)
             Began as a Demigod Fighter on Feb 25, 2023.
             Frozen to death by an endoplasm (5 damage)
             ... on level 2 of the Dungeon.
             The game lasted 00:08:22 (867 turns).

Mickster the Covered (Demigod Fighter)               Turns: 867, Time: 00:08:23

Health: -4/31      AC:  7    Str: 21    XL:     3   Next: 23%
Magic:  5/5        EV:  9    Int: 10    God:
Gold:   42         SH:  4    Dex: 13    Spells: 2/2 levels left

rFire   . . .      SeeInvis .    a - +0 long sword
rCold   . . .      Faith    .    c - +0 buckler
rNeg    . . .      Spirit   .    b - +0 scale mail
rPois   .          Reflect  .    e - +1 hat
rElec   .          Harm     .    (no cloak)
rCorr   .          Rampage  .    (no gloves)
Will    .....                    (no boots) Stlth
                                 (no amulet)
HPRegen 0.25/turn                j - ring of flight
MPRegen 0.09/turn                (no ring)

@: mighty, flying
A: high MP 1, forlorn, divine attributes
a: no special abilities


You were on level 2 of the Dungeon.
You visited 1 branch of the dungeon, and saw 2 of its levels.

You collected 42 gold pieces.

Inventory:

Hand Weapons
 a - a +0 long sword (weapon)
 f - a +0 spear
 h - a +0 sling
Missiles
 i - 3 stones (quivered)
Armour
 b - a +0 scale mail (worn)
 c - a +0 buckler (worn)
 e - a +1 hat (worn)
Jewellery
 j - a ring of flight (left hand)
Scrolls
 g - 2 scrolls of teleportation {unknown}


   Skills:
 + Level 3.0 Fighting
 * Level 2.7 Long Blades
 + Level 3.1 Armour
 + Level 2.8 Shields


You had 2 spell levels left.
You didn't know any spells.
Your spell library contained the following spells:

 Spells                   Type           Power      Damage    Failure   Level
 Slow                     Hex            0%         N/A       80%         1
 Confusing Touch          Hex            0%         N/A       99%         3
 Vampiric Draining        Necr           0%         2d6       99%         3


Dungeon Overview and Level Annotations

Branches:
Dungeon (2/15)


Innate Abilities, Weirdness & Mutations

You have an increased reservoir of magic. (+10% MP)
You shall have no god before yourself.
Your divine heritage dramatically boosts your attributes as you level up.


Message History

The rat bites you but does no damage. The goblin hits you with a +0 club.
* * * LOW HITPOINT WARNING * * *
The kobold hits you but does no damage. x2; The quokka barely misses you.
You barely miss the rat. You block the rat's attack.
The kobold closely misses you. The goblin hits you but does no damage.
The kobold hits you with a +0 short sword.
* * * LOW HITPOINT WARNING * * *
You block the quokka's attack. The rat bites you but does no damage.
The kobold barely misses you. The goblin closely misses you.
The kobold hits you but does no damage.
You hit the rat.
The rat is moderately wounded.
The quokka bites you.
* * * LOW HITPOINT WARNING * * *
The rat barely misses you. The kobold barely misses you.
You block the goblin's attack. You block the kobold's attack.
The quokka bites you but does no damage.
You feel very mighty all of a sudden. The rat closely misses you.
The kobold hits you but does no damage.
The quokka bites you but does no damage.
You block the kobold's attack. You block the goblin's attack.
You hit the kobold.
You kill the kobold!
You block the quokka's attack. You block the rat's attack.
The goblin hits you with a +0 club.
* * * LOW HITPOINT WARNING * * *
The kobold hits you with a +0 short sword.
* * * LOW HITPOINT WARNING * * *
The quokka closely misses you.
You hit the endoplasm.
The endoplasm is lightly wounded.
The rat closely misses you.
The endoplasm hits you but does no damage.
The goblin completely misses you.
The kobold hits you with a +0 short sword.
* * * LOW HITPOINT WARNING * * *
The quokka barely misses you. The endoplasm freezes you.
You are frozen.
You die...

##.......
##......(#.
#..........
#..........
##..........
#...S......#
##..Krr.....#
#....@J.....#
#.#...g.....#
#<....)...#
#.........#
#........#.
#..........
#.#......#.
#.#####.#.
#.# .#


You could see an endoplasm, a quokka, a goblin, a ball python, a kobold and a
rat.

Vanquished Creatures
  An adder (D:2)
  4 dart slugs (D:1)
  3 bats (D:1)
  3 endoplasms
  A giant cockroach (D:1)
  A hobgoblin (D:2)
  3 jackals (D:1)
  A quokka (D:1)
  A ball python (D:1)
  2 kobolds
  2 rats (D:1)
22 creatures vanquished.

Vanquished Creatures (collateral kills)
  2 endoplasms (D:1)
  2 kobolds (D:1)
4 creatures vanquished.

Grand Total: 26 creatures vanquished

Notes
Turn   | Place    | Note
-------+----------+-------------------------------------------
     0 | D:1      | Mickster the Demigod Fighter began the quest for the Orb.
     0 | D:1      | Reached XP level 1. HP: 18/18 MP: 3/3
   170 | D:1      | Reached XP level 2. HP: 9/25 MP: 4/4
   851 | D:2      | Reached XP level 3. HP: 28/31 MP: 5/5
   867 | D:2      | HP: 1/31 [kobold/+0 short sword (1)]
   867 | D:2      | Frozen to death by an endoplasm

Illustrated notes

Levels and vault maps discovered:
D:1:      saegor_arrival_miasma, layout_rooms, minmay_heptomino_d4
D:2:      layout_rooms, dreamdust_ecumenical_altar_hidden_monk_grotto,
          solitary_fountain, st_stairs_12, nicolae_shop_unique_rings

Skill      XL: |  1  2 |
---------------+-------+-----
Long Blades    | 2 |  2.7
Armour         | 3 |  3.1
Fighting       | 3 |  3.0
Shields        | |  2.8

Action                     || total
---------------------------++-------
  Melee: Long sword        ||    67
    Use: Scroll            ||     1
         Potion            ||     3
 Armour: Scale mail        ||    70
  Dodge: Dodged            ||    61
  Block: Buckler           ||    30

Table legend: (Time is in decaauts)
 A = Elapsed time spent in this place.
 B = Non-inter-level travel time spent in this place.
 C = Inter-level travel time spent in this place.
 D = Time resting spent in this place.
 E = Time spent auto-exploring this place.
 F = Levels seen in this place.
 G = Mean time per level.
                   A        B        C        D        E       F      G
               +--------+--------+--------+--------+--------+-----+--------+
         Total |    888 |    888 |      0 |    304 |      0 |   2 |  444.0 |
       Dungeon |    888 |    888 |      0 |    304 |      0 |   2 |  444.0 |
               +--------+--------+--------+--------+--------+-----+--------+

Top non-repeatable levels by time:
     D:1: 861 daAuts
     D:2: 26 daAuts
